 Dungeon Crawl Stone Soup version 0.26-a0-54-g15ccc7a (webtiles) character file.

Game seed: 6281344391343246626

6395 thirtiethelement the Blocker (level 10, 0/90 HPs)
             Began as a Gnoll Fighter on June 8, 2020.
             Was a Believer of Qazlal.
             Killed by refrigeration
             ... invoked by Fannar
              (18 damage)
             ... on level 9 of the Dungeon.
             The game lasted 00:21:21 (9186 turns).

thirtiethelement the Blocker (Gnoll Fighter)        Turns: 9186, Time: 00:21:22

Health: 0/90       AC:  8    Str: 22    XL:     10   Next: 98%
Magic:  0/18       EV: 15    Int: 11    God:    Qazlal [**....]
Gold:   607        SH: 15    Dex: 22    Spells: 20/20 levels left

rFire    . . .     SeeInvis .   a - +1 war axe
rCold    . . .     Gourm    .   c - +0 kite shield
rNeg     + . .     Faith    .   A - +1 leather armour of Whack-A-Mole {MR++ Regen+}
rPois    .         Spirit   +   (no helmet)
rElec    .         Reflect  .   E - +0 cloak
rCorr    .         Harm     .   y - +0 pair of gloves
MR       ++...                  (no boots)
Stlth    +++.......             C - amulet of guardian spirit
HPRegen  0.65/turn              i - ring of positive energy
MPRegen  0.16/turn              n - +6 ring of dexterity

@: lethally poisoned (0 -> 0)
A: distributed training, fangs 1, hooves 1, agile 1, deterioration 1, robust 1,
strong nose
a: Upheaval, Renounce Religion


You were on level 9 of the Dungeon.
You worshipped Qazlal.
Qazlal was pleased with you.
You were not hungry.

You visited 2 branches of the dungeon, and saw 11 of its levels.

You collected 607 gold pieces.

Inventory:

Hand Weapons
 a - a +1 war axe (weapon)
Missiles
 z - 2 boomerangs (quivered)
Armour
 b - a +1 scale mail
 c - a +0 kite shield (worn)
 g - a +0 crystal plate armour
 x - a scarf of resistance
 y - a +0 pair of gloves (worn)
 A - the +1 leather armour of Whack-A-Mole (worn) {MR++ Regen+}
   (You found it on level 7 of the Dungeon)

   It affects your resistance to hostile enchantments.
   It increases your rate of regeneration.
 E - a +0 cloak (worn)
Jewellery
 i - a ring of positive energy (left hand)
 j - an uncursed ring of ice
 n - a +6 ring of dexterity (right hand)
 u - an uncursed ring of flight
 B - a +6 ring of intelligence
 C - an amulet of guardian spirit (around neck)
Wands
 o - a wand of clouds (6)
 q - a wand of digging (6)
 r - a wand of disintegration (2)
 t - a wand of paralysis (7)
 D - a wand of iceblast (7)
 G - a wand of enslavement (8)
Scrolls
 e - 3 scrolls of teleportation
 l - 2 scrolls of fear
 m - 4 scrolls of amnesia
 p - a scroll of enchant weapon
 v - 3 scrolls of remove curse
Potions
 d - a potion of might
 h - a potion of invisibility
 k - 3 potions of curing
 s - 3 potions of stabbing
 F - a potion of brilliance
Comestibles
 f - 20 rations


   Skills:
 + Level 8.8 Fighting
 + Level 5.6 Short Blades
 + Level 5.6 Long Blades
 + Level 7.4 Axes
 + Level 5.6 Maces & Flails
 + Level 5.6 Polearms
 + Level 5.6 Staves
 + Level 5.6 Slings
 + Level 5.6 Bows
 + Level 5.6 Crossbows
 + Level 5.6 Throwing
 + Level 8.8 Armour
 + Level 5.6 Dodging
 + Level 5.6 Stealth
 + Level 8.8 Shields
 + Level 5.6 Unarmed Combat
 + Level 5.6 Spellcasting
 + Level 4.7 Conjurations
 + Level 4.7 Hexes
 + Level 4.7 Charms
 + Level 4.7 Summonings
 + Level 4.7 Necromancy
 + Level 4.7 Translocations
 + Level 4.7 Transmutations
 + Level 4.7 Fire Magic
 + Level 4.7 Ice Magic
 + Level 4.7 Air Magic
 + Level 4.7 Earth Magic
 + Level 4.7 Poison Magic
 + Level 6.2 Invocations
 + Level 5.6 Evocations


You had 20 spell levels left.
You didn't know any spells.
Your spell library contained the following spells:

 Spells                   Type           Power        Failure   Level  Hunger
 Animate Skeleton         Necr           N/A          8%          1    None
 Apportation              Tloc           ##....       8%          1    None
 Corona                   Hex            ##.....      8%          1    None
 Summon Small Mammal      Summ           ##..         8%          1    None


Dungeon Overview and Level Annotations

Branches:
Dungeon (10/15)            Temple (1/1) D:7            Lair (0/6) D:9
    Orc: D:9-12

Altars:
Ashenzari
Cheibriados
Dithmenos
Elyvilon
Fedhas
Gozag
Hepliaklqana
Kikubaaqudgha
Makhleb
Nemelex Xobeh
Okawaru
Qazlal
Ru
Sif Muna
Trog
Uskayaw
Vehumet
Wu Jian
Xom
Yredelemnul
Zin
The Shining One

Shops:
D:10 *

Annotations:
D:9 Fannar


Innate Abilities, Weirdness & Mutations

Your experience applies equally to all skills.
You have very sharp teeth.
Your uncanny sense of smell can sniff out nearby items.
You have large cloven feet.
You are agile. (Dex +2)
Your body sometimes deteriorates upon taking damage.
You are robust. (+10% HP)


Message History

The ice beast disappears in a puff of smoke!
There is a stone staircase leading down here.
You miss Fannar. You kick Fannar, but do no damage.
Fannar is moderately wounded.
You hit the orc.
You feel sick. You block Fannar's attack. You block the orc's attack.
You miss Fannar. You kick Fannar, but do no damage.
You bite Fannar, but do no damage.
Fannar is moderately wounded.
You hit the orc.
You kill the orc!
Qazlal accepts your kill.
Fannar says, "I shall freeze you to your soul!"
Fannar misses you.
You hit Fannar but do no damage. Your kick misses Fannar.
Fannar is moderately wounded.
Fannar gestures wildly while chanting.
Fannar drains the heat from the surrounding environment!
You feel very cold.
You die...

#.## #..# #..# #.##
#########'##### ###'####
...##.........# #......#
##..'....(....# #......#
####......)..# ####......#
#.........# ##..'......#
#.........###e.##..>...#
#.........'.@)###......#
#.........##### ##'#####
##'######## #...# #.# ###.# #.#
######'###### #.#
######...........#
######.#######....'.###########
...[......<....####.#
######..######## #.#


You could see Fannar (icy armour).

Vanquished Creatures
  The ghost of lordvenom1 the Cleaver, a novice HOFi of Okawaru (D:8)
  Maurice (D:9)
  Joseph (D:9)
  Psyche (D:9)
  A hippogriff (D:9)
  A spriggan (D:7)
  A wyvern (D:9)
  5 yaks (D:9)
  A human (D:7)
  Grum (D:10)
  A hungry ghost (D:8)
  2 water moccasins (D:7)
  4 orc warriors
  A phantom (D:6)
  3 ice beasts
  A sky beast (D:5)
  2 centaurs
  3 bullfrogs
  A wyvern skeleton (D:9)
  A scorpion (D:4)
  8 killer bees (D:8)
  4 crimson imps
  3 jellies
  A quasit (D:10)
  3 hounds
  2 orc priests
  10 orc wizards
  2 centaur skeletons
  5 iguanas
  6 worker ants
  A hound skeleton (D:5)
  3 gnolls (D:2)
  12 adders
  4 shadow imps
  2 oozes
  An adder zombie (D:7)
  2 adder skeletons
  2 worms (D:5)
  3 dart slugs
  8 leopard geckos
  41 orcs
  4 bats
  2 giant cockroaches
  6 goblins
  2 hobgoblins (D:3)
  7 jackals
  5 kobolds
  3 quokkas
  5 frilled lizards
  A goblin skeleton (D:7)
  A goblin zombie (D:7)
  A jackal zombie (D:7)
  A leopard gecko skeleton (D:4)
  2 quokka skeletons
  10 rats
206 creatures vanquished.

Vanquished Creatures (collateral kills)
  3 wolves (D:10)
3 creatures vanquished.

Grand Total: 209 creatures vanquished

Notes
Turn   | Place    | Note
-------+----------+-------------------------------------------
     0 | D:1      | thirtiethelement the Gnoll Fighter began the quest for the
                  | Orb.
     0 | D:1      | Reached XP level 1. HP: 23/23 MP: 1/1
     4 | D:1      | You fall into a shaft and drop 1 floor!
    16 | D:2      | Found a white marble altar of Elyvilon.
    58 | D:2      | Reached XP level 2. HP: 24/29 MP: 2/2
   331 | D:1      | Reached XP level 3. HP: 35/35 MP: 3/3
  1107 | D:2      | Reached skill level 1 in Invocations
  1110 | D:2      | Reached skill level 1 in Short Blades
  1110 | D:2      | Reached skill level 1 in Long Blades
  1110 | D:2      | Reached skill level 1 in Maces & Flails
  1110 | D:2      | Reached skill level 1 in Polearms
  1110 | D:2      | Reached skill level 1 in Staves
  1110 | D:2      | Reached skill level 1 in Slings
  1110 | D:2      | Reached skill level 1 in Bows
  1110 | D:2      | Reached skill level 1 in Crossbows
  1110 | D:2      | Reached skill level 1 in Throwing
  1110 | D:2      | Reached skill level 1 in Dodging
  1110 | D:2      | Reached skill level 1 in Stealth
  1110 | D:2      | Reached skill level 1 in Unarmed Combat
  1110 | D:2      | Reached skill level 1 in Spellcasting
  1110 | D:2      | Reached skill level 1 in Evocations
  1110 | D:2      | Reached XP level 4. HP: 33/41 MP: 5/5
  1692 | D:3      | Reached skill level 1 in Conjurations
  1692 | D:3      | Reached skill level 1 in Hexes
  1692 | D:3      | Reached skill level 1 in Charms
  1692 | D:3      | Reached skill level 1 in Summonings
  1692 | D:3      | Reached skill level 1 in Necromancy
  1692 | D:3      | Reached skill level 1 in Translocations
  1692 | D:3      | Reached skill level 1 in Transmutations
  1692 | D:3      | Reached skill level 1 in Fire Magic
  1692 | D:3      | Reached skill level 1 in Ice Magic
  1692 | D:3      | Reached skill level 1 in Air Magic
  1692 | D:3      | Reached skill level 1 in Earth Magic
  1692 | D:3      | Reached skill level 1 in Poison Magic
  2026 | D:3      | Reached XP level 5. HP: 46/47 MP: 6/6
  2791 | D:4      | Reached XP level 6. HP: 53/53 MP: 8/8
  2854 | D:4      | Found a sparkling altar of Nemelex Xobeh.
  2862 | D:4      | Found a shattered altar of Ashenzari.
  2991 | D:4      | Reached skill level 5 in Axes
  3409 | D:4      | Reached XP level 7. HP: 53/59 MP: 10/10
  3690 | D:5      | Entered Level 5 of the Dungeon
  4348 | D:5      | Reached XP level 8. HP: 47/67 MP: 12/12
  4610 | D:5      | Noticed an angel
  4611 | D:5      | Found a glowing silver altar of Zin.
  5543 | D:6      | Gained mutation: Your body sometimes deteriorates upon
                  | taking damage. [potion of mutation]
  5543 | D:6      | Gained mutation: You are agile. (Dex +2) [potion of
                  | mutation]
  6016 | D:7      | Lost mutation: You are agile. (Dex +2) [potion of mutation]
  6016 | D:7      | Lost mutation: Your body sometimes deteriorates upon taking
                  | damage. [potion of mutation]
  6016 | D:7      | Gained mutation: Your body sometimes deteriorates upon
                  | taking damage. [potion of mutation]
  6016 | D:7      | Gained mutation: You are robust. (+10% HP) [potion of
                  | mutation]
  6016 | D:7      | Gained mutation: You are agile. (Dex +2) [potion of
                  | mutation]
  6016 | D:7      | Gained mutation: You have large cloven feet. [potion of
                  | mutation]
  6048 | D:7      | Reached XP level 9. HP: 79/79 MP: 14/14
  6204 | D:7      | Found a staircase to the Ecumenical Temple.
  6213 | Temple   | Entered the Ecumenical Temple
  6576 | Temple   | Became a worshipper of Qazlal Stormbringer
  6743 | D:7      | Found a runed translucent door.
  6749 | D:7      | Found a basalt altar of Yredelemnul.
  6843 | D:7      | Got a distressingly furry leather armour
  6844 | D:7      | Identified the cursed +1 leather armour of Whack-A-Mole
                  | {MR++ Regen+} (You found it on level 7 of the Dungeon)
  7407 | D:8      | Found a large runed translucent door.
  7407 | D:8      | Found a large runed translucent door.
  7407 | D:8      | Noticed lordvenom1's ghost (novice HOFi)
  7425 | D:8      | Killed lordvenom1's ghost
  7425 | D:8      | Reached skill level 5 in Invocations
  7554 | D:8      | Reached XP level 10. HP: 85/88 MP: 15/17
  7705 | D:8      | Reached * piety under Qazlal
  8260 | D:9      | Reached skill level 5 in Short Blades
  8260 | D:9      | Reached skill level 5 in Long Blades
  8260 | D:9      | Reached skill level 5 in Maces & Flails
  8260 | D:9      | Reached skill level 5 in Polearms
  8260 | D:9      | Reached skill level 5 in Staves
  8260 | D:9      | Reached skill level 5 in Slings
  8260 | D:9      | Reached skill level 5 in Bows
  8260 | D:9      | Reached skill level 5 in Crossbows
  8260 | D:9      | Reached skill level 5 in Throwing
  8260 | D:9      | Reached skill level 5 in Dodging
  8260 | D:9      | Reached skill level 5 in Stealth
  8260 | D:9      | Reached skill level 5 in Unarmed Combat
  8260 | D:9      | Reached skill level 5 in Spellcasting
  8260 | D:9      | Reached skill level 5 in Evocations
  8343 | D:9      | Noticed Joseph
  8354 | D:9      | Killed Joseph
  8385 | D:9      | Noticed Psyche
  8393 | D:9      | Killed Psyche
  8558 | D:9      | Reached ** piety under Qazlal
  8636 | D:9      | Noticed Maurice
  8665 | D:9      | Killed Maurice
  8994 | D:9      | Found a staircase to the Lair.
  9163 | D:10     | Entered Level 10 of the Dungeon
  9163 | D:10     | Found Olitopim's General Store.
  9163 | D:10     | Noticed Grum
  9163 | D:10     | Noticed Fannar
  9177 | D:10     | Killed Grum
  9186 | D:9      | Killed from afar by Fannar

Illustrated notes

Levels and vault maps discovered:
D:1:      nzn_arrival_water_spiral, layout_loops_ring, grunt_decor_cap
D:2:      layout_basic, elyvilon_altar_4
D:3:      layout_loops_corners
D:4:      layout_loops_corners, grunt_temple_overflow_open, first_ration
D:5:      wad_river_or_something, layout_cave_pools, zin_angel,
          grunt_ministairs_4, kennysheep_generic_room_4
D:6:      layout_basic, kennysheep_diamond
D:7:      kennysheep_spiral_hall, layout_basic, minmay_temple_entry_glass,
          minmay_splitting_lines, the_bakery, dk_yredelemnul_ordeal
D:8:      layout_loops_ring, ebering_ghost_disaster_area, minivault_19
D:9:      layout_roguey, lair_entry_dummy, lemuel_another_geyser, uniq_psyche,
          uniq_maurice, uniq_joseph
D:10:     layout_rooms, serial_shops, shop, uniq_grum, uniq_urug, uniq_fannar
Temple:   compressed_dpeg_circular_temple

Skill      XL: |  1  2  3  4  5  6  7  8  9 10 |
---------------+-------------------------------+-----
Invocations    | 1 2 3 4 5 6 |  6.2
Short Blades   | 1 2 3 4 5 |  5.6
Long Blades    | 1 2 3 4 5 |  5.6
Maces & Flails | 1 2 3 4 5 |  5.6
Polearms       | 1 2 3 4 5 |  5.6
Staves         | 1 2 3 4 5 |  5.6
Slings         | 1 2 3 4 5 |  5.6
Bows           | 1 2 3 4 5 |  5.6
Crossbows      | 1 2 3 4 5 |  5.6
Throwing       | 1 2 3 4 5 |  5.6
Dodging        | 1 2 3 4 5 |  5.6
Stealth        | 1 2 3 4 5 |  5.6
Unarmed Combat | 1 2 3 4 5 |  5.6
Spellcasting   | 1 2 3 4 5 |  5.6
Evocations     | 1 2 3 4 5 |  5.6
Conjurations   | 1 2 3 4 |  4.7
Hexes          | 1 2 3 4 |  4.7
Charms         | 1 2 3 4 |  4.7
Summonings     | 1 2 3 4 |  4.7
Necromancy     | 1 2 3 4 |  4.7
Translocations | 1 2 3 4 |  4.7
Transmutations | 1 2 3 4 |  4.7
Fire Magic     | 1 2 3 4 |  4.7
Ice Magic      | 1 2 3 4 |  4.7
Air Magic      | 1 2 3 4 |  4.7
Earth Magic    | 1 2 3 4 |  4.7
Poison Magic   | 1 2 3 4 |  4.7
Axes           | 5 6 7 |  7.4
Fighting       | 7 8 |  8.8
Armour         | 7 8 |  8.8
Shields        | 7 8 |  8.8

Action                   |  1- 3 |  4- 6 |  7- 9 | 10-12 || total
-------------------------+-------+-------+-------+-------++-------
Melee: War axe           |    61 |   182 |   330 |   146 ||   719
       Bite              |     4 |    18 |    52 |    23 ||    97
       Kick              |       |       |    42 |    63 ||   105
Evoke: Wand              |       |       |    11 |     2 ||    13
  Use: Scroll            |     7 |     2 |     9 |     4 ||    22
       Potion            |       |       |     2 |     1 ||     3
 Stab: Sleeping          |       |       |     2 |       ||     2
  Eat: Chunk             |     1 |     7 |    13 |     4 ||    25
       Ration            |       |       |     1 |     1 ||     2
Armor: Scale mail        |    24 |    46 |    62 |       ||   132
       Leather armour    |       |       |     9 |    33 ||    42
Dodge: Dodged            |    17 |    75 |   138 |    76 ||   306
Block: Kite shield       |    38 |   110 |   185 |   132 ||   465

Table legend:
 A = Non-vault XP
 B = Vault XP
 C = Vault XP percentage of total XP
 D = Non-vault monster count
 E = Vault monster count
 F = Vault count percentage of total count
                 A         B        C        D         E       F
            +---------+---------+-------+---------+---------+-------
      Total |    5918 |    3219 |  35.2 |     181 |      27 |  13.0
            +---------+---------+-------+---------+---------+-------
        D:1 |      18 |       0 |   0.0 |      13 |       0 |   0.0
        D:2 |     104 |       0 |   0.0 |      18 |       0 |   0.0
        D:3 |     171 |       0 |   0.0 |      23 |       0 |   0.0
        D:4 |     333 |       0 |   0.0 |      21 |       0 |   0.0
        D:5 |     484 |     141 |  22.6 |      18 |      11 |  37.9
        D:6 |     646 |      14 |   2.1 |      17 |       1 |   5.6
        D:7 |     824 |     555 |  40.2 |      26 |       7 |  21.2
        D:8 |    1184 |     772 |  39.5 |      21 |       1 |   4.5
        D:9 |    2079 |    1303 |  38.5 |      22 |       3 |  12.0
       D:10 |      75 |     434 |  85.3 |       2 |       4 |  66.7
            +---------+---------+-------+---------+---------+-------
